 Dungeon Sprint DCSS version 0.20.1-1-g8b1a95d (webtiles) character file.

4643 torrenera the Scorcher (level 10, -18/40 HPs)
             Began as a Deep Elf Fire Elementalist on Sept 1, 2017.
             Was an Elder of Vehumet.
             Killed by an exploding ballistomycete spore (20 damage)
             ... in the Dungeon (Sprint I: "Red Sonja").
             The game lasted 00:05:23 (759 turns).

torrenera the Scorcher (Deep Elf Fire Elementalist)  Turns: 759, Time: 00:05:24

Health: -18/40     AC:  1    Str:  1      XL:     10   Next: 20%
Magic:  19/19      EV: 13    Int: 21 (22) God:    Vehumet [****..]
Gold:   178        SH:  0    Dex: 13      Spells: 12/25 levels left

rFire    + . .     SeeInvis .   l - +0 scythe
rCold    x . .     Gourm    .   (shield currently unavailable)
rNeg     . . .     Faith    .   a - +0 robe
rPois    .         Spirit   .   (no helmet)
rElec    .         Reflect  .   (no cloak)
rCorr    .         Harm     .   (no gloves)
MR       +....     Rnd*Rage +   (no boots) Stlth +.........NoTele +
                                (no amulet)
Regen    0.2/turn               m - ring of fire
MPRegen  0.2/turn               (no ring)

@: confused
A: berserk 2, blurry vision 1, clumsy 1, deformed body, deterioration 2, dopey
1, frail 2, low mp 2, screaming 1, inhibited regeneration, weak 2, subdued magic
1, MP-powered wands
a: Renounce Religion


You were in the Dungeon.
You worshipped Vehumet.
Vehumet was greatly pleased with you.
You were not hungry.

You visited 1 branch You collected 528 gold pieces.
You spent 350 gold pieces at shops.

Inventory:

Hand Weapons
 k - a +0 blowgun
 l - a +0 scythe (weapon)
Missiles
 n - 5 curare-tipped needles
Armour
 a - a +0 robe (worn)
Jewellery
 m - a ring of fire (left hand)
Wands
 j - a wand of polymorph (14/24)
Scrolls
 i - a scroll of blinking
Potions
 d - a potion of curing
 e - a potion of heal wounds
 f - 3 potions of haste
 g - 2 potions of magic
 h - a potion of berserk rage
Books
 b - a book of Flames

   Spells                             Type                      Level
   a - Flame Tongue                   Conjuration/Fire             1
   b - Throw Flame                    Conjuration/Fire             2
   c - Conjure Flame                  Conjuration/Fire             3
   d - Inner Flame                    Hexes/Fire                   3
   e - Sticky Flame                   Conjuration/Fire             4
   f - Fireball                       Conjuration/Fire             5


   Skills:
 - Level 2.4 Dodging
 - Level 2.4 Stealth
 - Level 8.3 Spellcasting
 * Level 13.3 Conjurations
 + Level 20.0 Fire Magic


You had 12 spell levels left.
You knew the following spells:

 Your Spells              Type           Power        Failure   Level  Hunger
a - Flame Tongue          Conj/Fire      #####        0%          1    None
b - Sticky Flame          Conj/Fire      ######..     1%          4    ###....
c - Fireball              Conj/Fire      ######....   1%          5    #####..
d - Conjure Flame         Conj/Fire      ######..     0%          3    None


Dungeon Overview and Level Annotations

Branches:
Dungeon (1/1)

Altars:
Cheibriados
Dithmenos
Elyvilon
Fedhas
Gozag
Hepliaklqana
Kikubaaqudgha
Makhleb
Nemelex Xobeh
Okawaru
Qazlal
Ru
Sif Muna
Trog
Uskayaw
Vehumet
Xom
Yredelemnul
Zin
The Shining One
Jiyva
Lugonu

Shops:
D ==


Innate Abilities, Weirdness & Mutations

You often lose your temper in combat.
Scrolls take you a little longer to read.
You are clumsy. (Dex -2)
Armour fits poorly on your strangely shaped body.
Your body often deteriorates upon taking damage.
You are dopey. (Int -2)
You are very frail. (-20% HP)
Your magical capacity is very low. (-20% MP)
You occasionally shout uncontrollably at your foes.
You do not regenerate when monsters are visible.
You are very weak. (Str -4)
Your spells are a little easier to cast, but a little less powerful.
You expend magic power (3 MP) to strengthen your wands.


Message History

You are starving!
There is a huge open gate here.
You eat the bread ration.
That bread ration really hit the spot!
There is an open door here.
You see here an uncursed dagger of distortion.
You open the door. 2 ballistomycete spores come into view.
The ballistomycete spore waves its rhizomes.
The ballistomycete spore explodes!
The explosion of spores engulfs the ballistomycete spore.
The ballistomycete spore explodes!
The explosion of spores engulfs you!
You are confused.
Ouch! That really hurt!
* * * LOW HITPOINT WARNING * * *
Your body deteriorates!
You feel dopey. The explosion of spores engulfs you!
You are more confused.
Ouch! That really hurt!
You die...

#..#__####..##.#
#..#_____##'#..+
#⌠⌠#_.∩...'..._#
####_..__##_.#+#
#_____###'#
############.##
#∩^.......'...+
###''''####.).#
#.......####@##
#........# #'#
#..#.....# !$!
#........#$$!?$
#.....#..#######
#........#
#..#.....#
#........#
###++++###


There were no monsters in sight!

Vanquished Creatures
  Sonja (D)
  8 shining eyes (D)
  A slime creature (D)
  Sigmund (D)
  A yak (D)
  4 floating eyes (D)
  An ogre (D)
  A jelly (D)
  Ijyb (D)
19 creatures vanquished.

Vanquished Creatures (others)
  A gargoyle (D)
  A ballistomycete spore (D)
2 creatures vanquished.

Grand Total: 21 creatures vanquished

Notes
Turn   | Place    | Note
-------+----------+-------------------------------------------
     0 | D        | torrenera the Deep Elf Fire Elementalist began the quest for the Orb.
     0 | D        | Reached XP level 1. HP: 10/10 MP: 6/6
     1 | D        | Noticed Ijyb
    19 | D        | Killed Ijyb
    19 | D        | Reached XP level 2. HP: 15/15 MP: 4/13
    87 | D        | Noticed an ogre
    93 | D        | Killed an ogre
    93 | D        | Reached skill level 8 in Fire Magic
    93 | D        | Reached XP level 3. HP: 19/19 MP: 9/14
    93 | D        | Reached XP level 4. HP: 24/24 MP: 10/16
   143 | D        | Learned a level 4 spell: Sticky Flame
   143 | D        | Noticed Sigmund
   146 | D        | Killed Sigmund
   146 | D        | Reached skill level 11 in Fire Magic
   146 | D        | Reached XP level 5. HP: 28/28 MP: 13/17
   180 | D        | Found a deep blue altar of Sif Muna.
   182 | D        | Found a radiant altar of Vehumet.
   184 | D        | Reached skill level 5 in Conjurations
   184 | D        | Reached XP level 6. HP: 32/32 MP: 13/19
   190 | D        | Became a worshipper of Vehumet
   191 | D        | Killed a gargoyle
   198 | D        | Learned a level 5 spell: Fireball
   214 | D        | Found Nausm's Jewellery Emporium.
   214 | D        | Found an ancient bone altar of Kikubaaqudgha.
   214 | D        | Found a hazy altar of Hepliaklqana.
   214 | D        | Found a stormy altar of Qazlal.
   214 | D        | Found a hide-covered altar of Uskayaw.
   214 | D        | Found a blossoming altar of Fedhas.
   214 | D        | Found a bloodstained altar of Trog.
   214 | D        | Found an iron altar of Okawaru.
   214 | D        | Found a basalt altar of Yredelemnul.
   214 | D        | Found a glowing golden altar of the Shining One.
   214 | D        | Found a snail-covered altar of Cheibriados.
   214 | D        | Found a sacrificial altar of Ru.
   214 | D        | Found a glowing silver altar of Zin.
   214 | D        | Found a shadowy altar of Dithmenos.
   214 | D        | Found a white marble altar of Elyvilon.
   214 | D        | Noticed a yak
   222 | D        | Killed a yak
   222 | D        | Reached skill level 12 in Fire Magic
   232 | D        | Found an opulent altar of Gozag.
   233 | D        | Found a sparkling altar of Nemelex Xobeh.
   341 | D        | Found a burning altar of Makhleb.
   341 | D        | Found a viscous altar of Jiyva.
   341 | D        | Found a shimmering altar of Xom.
   341 | D        | Found a corrupted altar of Lugonu.
   341 | D        | Noticed a slime creature
   356 | D        | Killed a slime creature
   356 | D        | Reached skill level 13 in Fire Magic
   356 | D        | Reached XP level 7. HP: 33/36 MP: 10/20
   441 | D        | Bought an uncursed ring of fire for 350 gold pieces
   447 | D        | Noticed Sonja
   448 | D        | Killed Sonja
   448 | D        | Reached * piety under Vehumet
   448 | D        | Offered knowledge of Freeze by Vehumet.
   448 | D        | Reached skill level 15 in Fire Magic
   448 | D        | Reached XP level 8. HP: 41/41 MP: 16/22
   453 | D        | Learned a level 3 spell: Conjure Flame
   473 | D        | Found Athaj's Jewellery Boutique.
   488 | D        | Noticed a shining eye
   488 | D        | Noticed a shining eye
   488 | D        | Noticed a shining eye
   489 | D        | Noticed a shining eye
   489 | D        | Noticed a shining eye
   489 | D        | Noticed a shining eye
   490 | D        | Gained mutation: You tend to lose your temper in combat. [a shining eye]
   490 | D        | Gained mutation: You are frail. (-10% HP) [a shining eye]
   491 | D        | Gained mutation: You do not regenerate when monsters are visible. [a shining eye]
   494 | D        | Paralysed by a floating eye for 4 turns
   500 | D        | Paralysed by a floating eye for 2 turns
   503 | D        | Gained mutation: You expend magic power (3 MP) to strengthen your wands. [a shining eye]
   504 | D        | Gained mutation: You are clumsy. (Dex -2) [a shining eye]
   505 | D        | Killed a shining eye
   505 | D        | Reached skill level 10 in Conjurations
   505 | D        | Reached skill level 16 in Fire Magic
   505 | D        | Killed a shining eye
   505 | D        | Reached ** piety under Vehumet
   505 | D        | Reached skill level 17 in Fire Magic
   505 | D        | Reached XP level 9. HP: 40/40 MP: 13/23
   507 | D        | Paralysed by a floating eye for 2 turns
   513 | D        | Lost mutation: You expend magic power (3 MP) to strengthen your wands. [a shining eye]
   515 | D        | Gained mutation: Your magical capacity is low. (-10% MP) [a shining eye]
   516 | D        | Paralysed by a floating eye for 2 turns
   518 | D        | Gained mutation: Armour fits poorly on your strangely shaped body. [a shining eye]
   519 | D        | Gained mutation: Your magical capacity is very low. (-20% MP) [a shining eye]
   519 | D        | Gained mutation: You are weak. (Str -2) [a shining eye]
   520 | D        | Killed a shining eye
   520 | D        | Reached skill level 18 in Fire Magic
   522 | D        | Gained mutation: You often lose your temper in combat. [a shining eye]
   523 | D        | Paralysed by a floating eye for 4 turns
   523 | D        | Gained mutation: You expend magic power (3 MP) to strengthen your wands. [a shining eye]
   526 | D        | Killed a shining eye
   526 | D        | Reached *** piety under Vehumet
   530 | D        | Gained mutation: You are very weak. (Str -4) [a shining eye]
   534 | D        | Gained mutation: You occasionally shout uncontrollably at your foes. [a shining eye]
   535 | D        | Gained mutation: Your body sometimes deteriorates upon taking damage. [a shining eye]
   536 | D        | Killed a shining eye
   536 | D        | Reached skill level 19 in Fire Magic
   539 | D        | Gained mutation: You are very frail. (-20% HP) [a shining eye]
   544 | D        | Killed a shining eye
   573 | D        | Noticed a shining eye
   573 | D        | Noticed a shining eye
   576 | D        | Offered knowledge of Sting by Vehumet.
   576 | D        | Reached **** piety under Vehumet
   577 | D        | Gained mutation: Your body often deteriorates upon taking damage. [a shining eye]
   577 | D        | Gained mutation: Scrolls take you a little longer to read. [a shining eye]
   578 | D        | Killed a shining eye
   578 | D        | Reached XP level 10. HP: 40/40 MP: 8/19
   581 | D        | Gained mutation: You are dopey. (Int -2) [a shining eye]
   586 | D        | Gained mutation: Your spells are a little easier to cast, but a little less powerful. [a shining eye]
   588 | D        | Killed a shining eye
   588 | D        | Reached skill level 20 in Fire Magic
   759 | D        | HP: 2/40 [something (38)]
   759 | D        | Killed by an exploding ballistomycete spore

Skill      XL: |  1  2  3  4  5  6  7  8  9 10 |
---------------+-------------------------------+-----
Spellcasting   | 8 |  8.3
Fire Magic     | 8 11 13 15 17 19 20 | 20.0
Conjurations   | 4 5 7 9 10 12 13 | 13.3
Dodging        | |  2.4
Stealth        | |  2.4

Action                   |  1- 3 |  4- 6 |  7- 9 | 10-12 || total
-------------------------+-------+-------+-------+-------++-------
Melee: Unarmed           |    15 |       |       |       ||    15
       Scythe            |       |       |    30 |     6 ||    36
 Cast: Flame Tongue      |     6 |     8 |     2 |     1 ||    17
       Sticky Flame      |       |     5 |     5 |     1 ||    11
       Fireball          |       |     1 |     6 |     2 ||     9
  Eat: Bread ration      |       |       |       |     1 ||     1
Armor: Skin              |     8 |       |       |       ||     8
Dodge: Dodged            |     1 |     3 |       |       ||     4
